 Dungeon Crawl Stone Soup version 0.23-a0-32-g1388f29e54 (webtiles) character file.

9359 Faustar the Thaumaturge (level 11, -2/68 HPs)
             Began as a Mummy Wizard on Aug 4, 2018.
             Was a Believer of Yredelemnul.
             Slain by a six-headed hydra (7 damage)
             ... on level 1 of the Lair of Beasts.
             The game lasted 01:16:15 (17766 turns).

Faustar the Thaumaturge (Mummy Wizard)             Turns: 17766, Time: 01:16:15

Health: -2/68      AC:  8    Str: 11    XL:     11   Next: 22%
Magic:  17/25      EV: 16    Int: 21    God:    Yredelemnul [**....]
Gold:   506        SH:  0    Dex: 10    Spells: 10/30 levels left

rFire    x . .     SeeInvis .   c - +1 short sword (protect)
rCold    + + .     Gourm    .   (no shield)
rNeg     + + +     Faith    .   v - +2 robe {MR+}
rPois    ∞         Spirit   .   b - +0 hat
rElec    .         Reflect  .   z - +0 cloak
rCorr    .         Harm     .   f - +1 pair of gloves {archery}
MR       ++...                  D - +0 pair of boots
Stlth    ++........             C - amulet of magic regeneration
HPRegen  0.21/turn              a - +4 ring of evasion
MPRegen  0.44/turn              m - ring of protection from cold

@: very slightly contaminated
A: no food or potions, fire vulnerability, cold resistance 1, negative energy
resistance 3, torment resistance, unbreathing
a: Animate Remains, Recall Undead Slaves, Injury Mirror, Renounce Religion


You were on level 1 of the Lair of Beasts.
You worshipped Yredelemnul.
Yredelemnul was pleased with you.
You were not hungry.

You visited 3 branches of the dungeon, and saw 13 of its levels.

You collected 506 gold pieces.

Inventory:

Hand Weapons
 c - a +1 short sword of protection (weapon)
 x - a +1 vampiric whip
Armour
 b - a +0 hat (worn)
 f - a +1 pair of gloves of archery (worn)
 h - a +0 buckler
 i - a +0 robe of fire resistance
 t - a +2 robe of the Archmagi
 v - a +2 robe of magic resistance (worn)
 z - a +0 cloak (worn)
 D - a +0 pair of boots (worn)
Jewellery
 a - a +4 ring of evasion (left hand)
 l - an uncursed ring of ice
 m - a ring of protection from cold (right hand)
 C - an amulet of magic regeneration (around neck)
Wands
 j - a wand of iceblast (12)
 r - a wand of scattershot (3)
 s - a wand of random effects (32)
 y - a wand of digging (12)
 E - a wand of acid (6)
Scrolls
 d - 2 scrolls of amnesia
 e - 5 scrolls of remove curse
 g - 2 scrolls of identify
 k - 2 scrolls of enchant weapon
 n - a scroll of torment {unknown}
 o - a scroll of holy word
 p - 3 scrolls of magic mapping
 q - a scroll of fog
 u - a scroll of blinking {unknown}
 w - a scroll of immolation {unknown}
 A - a scroll of enchant armour {unknown}
 B - a scroll of teleportation


   Skills:
 - Level 1.5 Dodging
 - Level 1.5 Stealth
 - Level 10.0 Spellcasting
 - Level 8.7 Conjurations
 - Level 2.0 Summonings
 + Level 6.8 Necromancy
 - Level 2.0 Translocations
 - Level 2.1 Air Magic
 - Level 2.0 Poison Magic
 * Level 7.6 Invocations


You had 10 spell levels left.
You knew the following spells:

 Your Spells              Type           Power        Failure   Level  Hunger
a - Magic Dart            Conj           ####         1%          1    N/A
b - Call Imp              Summ           ###.....     4%          2    N/A
c - Blink                 Tloc           N/A          4%          2    N/A
d - Mephitic Cloud        Conj/Pois/Air  ####....     3%          3    N/A
e - Conjure Flame         Conj/Fire      ####....     3%          3    N/A
f - Pain                  Necr           ####         1%          1    N/A
g - Vampiric Draining     Necr           #####.....   1%          3    N/A
h - Animate Skeleton      Necr           N/A          1%          1    N/A
i - Animate Dead          Necr           N/A          3%          4    N/A

Your spell library contained the following spells:

 Spells                   Type           Power        Failure   Level  Hunger
 Slow                     Hex            ##......     10%         2    N/A
 Regeneration             Chrm/Necr      ###.......   4%          3    N/A

Dungeon Overview and Level Annotations

Branches:
Dungeon (10/15)            Temple (1/1) D:7            Lair (2/6) D:8
  Swamp: Lair:2-4    Shoals: Lair:2-4     Snake: Lair:2-4    Spider: Lair:2-4
    Orc: D:9-12

Altars:
Ashenzari
Cheibriados
Dithmenos
Elyvilon
Fedhas
Gozag
Hepliaklqana
Kikubaaqudgha
Makhleb
Nemelex Xobeh
Okawaru
Qazlal
Ru
Sif Muna
Trog
Uskayaw
Vehumet
Wu Jian
Xom
Yredelemnul
Zin
The Shining One

Shops:
D:8 *(

Annotations:
D:3 3 runed doors, Ablot's ghost, amateur GnSk
Lair:1 exclusion: hydra


Innate Abilities, Weirdness & Mutations

You do not eat or drink.
Your flesh is vulnerable to fire.
You are immune to poison.
Your flesh is cold resistant. (rC+)
You are immune to negative energy. (rN+++)
You are immune to unholy pain and torment.
You can survive without breathing.


Message History

The six-headed hydra bites you! x2
The six-headed hydra bites you but does no damage.
The six-headed hydra misses you. The six-headed hydra bites you.
The six-headed hydra closely misses you.
The six-headed hydra bites you! x2
* * * LOW HITPOINT WARNING * * *
There is a stone staircase leading down here.
Casting: Mephitic Cloud (safe; 3% risk of failure)
Confirm with . or Enter, or press ? or * to list all spells.
Okay, then.
Unknown command.
Casting: Mephitic Cloud (safe; 3% risk of failure)
Confirm with . or Enter, or press ? or * to list all spells.
You miscast Blink.
You are very lightly contaminated with residual magic.
You feel a wrenching sensation. The six-headed hydra bites you!
* * * LOW HITPOINT WARNING * * *
The six-headed hydra bites you!
You die...
Yredelemnul claims you as an undead slave.

..#........ .....
..+...............# .# .....
.......... P......## ...+. ....
..#...# .. P.......# ....#.##..
......# .....#....### ..........
..#...#..+P#.#....P.###..........
..#...#.#....#>..................
#+....#.#..#.....................
......#.#.##.#..@................
###...P........D...........##.##.
##...+......P.............## #.
#....#....................# #.
##...###'##P....########..P# ..
#...............# .## ##.
#..............## #. # #.
#..............# #.. ###.
##..##.####..+..# ##..###.#.


You could see a six-headed hydra.

Vanquished Creatures
  A two-headed ogre (D:8)
  Pikel (D:4)
  Maurice (D:9)
  A spiny frog (Lair:1)
  2 hippogriffs
  A wyvern (D:8)
  A basilisk (Lair:1)
  3 yaks
  2 porcupines
  A slave (D:4)
  3 water moccasins
  A black bear (D:6)
  2 sky beasts
  An ice beast (D:8)
  An orc warrior (D:7)
  2 phantoms
  3 centaurs
  3 ogres
  A crocodile (Lair:1)
  Blork the orc (D:4)
  2 bullfrogs
  A gnoll sergeant (D:8)
  A water moccasin zombie (D:5)
  A wyvern skeleton (D:8)
  2 scorpions
  7 killer bees (D:9)
  3 wights
  2 crimson imps
  A bullfrog zombie (D:7)
  2 centaur skeletons (D:7)
  A bullfrog skeleton (D:7)
  2 hounds
  4 orc priests
  11 orc wizards
  3 iguanas (D:5)
  2 hell rats (D:8)
  5 worker ants
  7 adders
  8 gnolls
  A howler monkey skeleton (D:7)
  A shadow imp (D:5)
  3 oozes
  2 adder skeletons
  3 leopard geckos
  43 orcs
  3 giant cockroaches
  18 goblins
  11 hobgoblins
  13 jackals
  6 kobolds
  2 quokkas
  13 bats
  8 frilled lizards
  A jackal skeleton (D:8)
  A jackal zombie (D:6)
  7 rats
233 creatures vanquished.

Vanquished Creatures (collateral kills)
  Harold (D:7)
  Erica (D:9)
  A rime drake (Lair:2)
  Psyche (D:8)
  A komodo dragon (Lair:2)
  2 hornets
  A hippogriff (D:9)
  Eustachio (D:4)
  2 yaks (D:6)
  A hungry ghost (D:9)
  A water moccasin (D:9)
  2 porcupines
  An orc warrior (D:6)
  A phantom (D:8)
  A sky beast (D:6)
  A necrophage (D:7)
  A crocodile (Lair:2)
  3 bullfrogs
  3 killer bees (D:9)
  2 wights
  2 howler monkeys (D:8)
  3 crimson imps
  A worker ant (D:7)
  Ijyb (D:3)
  Terence (D:3)
  A hell rat (D:8)
  Robin (D:2)
  5 gnolls (D:8)
  A river rat (D:8)
  3 adders
  2 worms
  2 leopard geckos
  9 orcs
  4 goblins (D:2)
  A hobgoblin (D:2)
  A quokka (D:7)
  A rat (D:8)
67 creatures vanquished.

Vanquished Creatures (others)
  An adder skeleton (D:5)
  A river rat zombie (D:8)
2 creatures vanquished.

Grand Total: 302 creatures vanquished

Notes
Turn   | Place    | Note
-------+----------+-------------------------------------------
     0 | D:1      | Faustar the Mummy Wizard began the quest for the Orb.
     0 | D:1      | Reached XP level 1. HP: 13/13 MP: 5/5
   546 | D:1      | Reached XP level 2. HP: 17/19 MP: 4/7
  1052 | D:1      | Reached skill level 5 in Spellcasting
  1482 | D:2      | Reached XP level 3. HP: 12/24 MP: 3/10
  1688 | D:2      | Learned a level 2 spell: Call Imp
  1691 | D:2      | Learned a level 2 spell: Blink
  1695 | D:2      | Learned a level 3 spell: Mephitic Cloud
  1865 | D:2      | Reached skill level 1 in Conjurations
  2432 | D:2      | Noticed Robin
  2566 | D:2      | Killed Robin
  2572 | D:2      | Reached XP level 4. HP: 20/30 MP: 3/11
  2697 | D:2      | Found a sacrificial altar of Ru.
  2792 | D:2      | Reached skill level 6 in Spellcasting
  2826 | D:2      | Got an ancient helmet
  2847 | D:2      | Identified the cursed +0 helmet of the Barber Surgeon {-Cast rPois MP+9 Dex+3} (You took it off Robin on level 2 of the Dungeon)
  3161 | D:2      | Found a glowing silver altar of Zin.
  3454 | D:3      | Found a burning altar of Makhleb.
  3505 | D:3      | Found a runed gate.
  3505 | D:3      | Found a runed gate.
  3505 | D:3      | Found a runed gate.
  3520 | D:3      | Noticed Ablot's ghost (amateur GnSk)
  3945 | D:3      | Noticed Terence
  3972 | D:3      | Killed Terence
  4109 | D:3      | Reached XP level 5. HP: 26/35 MP: 6/13
  4732 | D:3      | Noticed Ijyb
  4744 | D:3      | Killed Ijyb
  4832 | D:3      | Reached skill level 7 in Spellcasting
  5308 | D:3      | Reached XP level 6. HP: 41/41 MP: 13/16
  5561 | D:4      | Noticed Eustachio
  5716 | D:4      | Killed Eustachio
  5716 | D:4      | Reached skill level 1 in Air Magic
  5716 | D:4      | Reached skill level 1 in Poison Magic
  5792 | D:4      | Learned a level 3 spell: Conjure Flame
  5794 | D:4      | Noticed Pikel
  5821 | D:4      | Noticed a slave
  5824 | D:4      | Noticed a slave
  6101 | D:4      | Found an ancient bone altar of Kikubaaqudgha.
  6204 | D:4      | Noticed a slave
  6536 | D:4      | Killed a slave
  6650 | D:4      | Reached XP level 7. HP: 46/46 MP: 4/17
  6786 | D:4      | Noticed Blork the orc
  6798 | D:4      | Killed Blork the orc
  6993 | D:4      | Found a bloodstained altar of Trog.
  7108 | D:4      | Killed Pikel
  7108 | D:4      | Reached skill level 5 in Conjurations
  7108 | D:4      | Reached XP level 8. HP: 41/52 MP: 14/18
  7358 | D:5      | Entered Level 5 of the Dungeon
  8404 | D:5      | Found a radiant altar of Vehumet.
  9389 | D:5      | Reached XP level 9. HP: 57/57 MP: 2/19
 10017 | D:6      | Reached skill level 8 in Spellcasting
 10627 | D:6      | Reached skill level 9 in Spellcasting
 10892 | D:6      | Reached skill level 1 in Summonings
 10892 | D:6      | Reached skill level 1 in Translocations
 11111 | D:7      | Found an ornate altar of the Wu Jian Council.
 11113 | D:7      | Found a snail-covered altar of Cheibriados.
 11689 | D:7      | Noticed Harold
 12265 | D:7      | Reached skill level 10 in Spellcasting
 12323 | D:7      | Learned a level 1 spell: Pain
 12327 | D:7      | Learned a level 3 spell: Vampiric Draining
 12366 | D:7      | Found a shimmering altar of Xom.
 12432 | D:7      | Reached skill level 1 in Necromancy
 12476 | D:7      | Learned a level 1 spell: Animate Skeleton
 12548 | D:7      | Killed Harold
 12548 | D:7      | Reached XP level 10. HP: 44/63 MP: 8/24
 12714 | D:7      | Found a staircase to the Ecumenical Temple.
 12835 | Temple   | Entered the Ecumenical Temple
 12913 | Temple   | Became a worshipper of Yredelemnul the Dark
 13056 | D:8      | Noticed Psyche
 13117 | D:8      | Found a blossoming altar of Fedhas.
 13117 | D:8      | Noticed a two-headed ogre
 13450 | D:8      | Reached skill level 1 in Invocations
 13491 | D:8      | Found an opulent altar of Gozag.
 14217 | D:7      | Learned a level 4 spell: Animate Dead
 14454 | D:8      | Killed Psyche
 14592 | D:8      | Found a shattered altar of Ashenzari.
 14616 | D:8      | Found Gatit's Weapon Boutique.
 14655 | D:8      | Killed a two-headed ogre
 14816 | D:8      | Reached skill level 5 in Necromancy
 14843 | D:8      | Found an iron altar of Okawaru.
 14923 | D:8      | Noticed a death yak
 14972 | D:8      | Noticed a death yak
 14972 | D:8      | Noticed a death yak
 15068 | D:8      | Reached skill level 5 in Invocations
 15229 | D:8      | Reached * piety under Yredelemnul
 15365 | D:8      | Found a staircase to the Lair.
 15496 | D:8      | Found Plog's Serpentskin Sales.
 15797 | D:9      | Noticed Maurice
 15803 | D:9      | Found a sparkling altar of Nemelex Xobeh.
 15815 | D:9      | Killed Maurice
 16466 | D:9      | Noticed Erica
 16500 | D:9      | Killed Erica
 16751 | D:9      | Found a hide-covered altar of Uskayaw.
 16897 | D:10     | Entered Level 10 of the Dungeon
 16910 | D:9      | Reached XP level 11. HP: 68/68 MP: 17/25
 17064 | Lair:1   | Entered Level 1 of the Lair of Beasts
 17134 | Lair:1   | Noticed a seven-headed hydra
 17553 | Lair:1   | Noticed a six-headed hydra
 17704 | Lair:2   | Reached ** piety under Yredelemnul
 17730 | Lair:2   | Noticed a seven-headed hydra
 17766 | Lair:1   | Slain by a six-headed hydra

Vault maps used:
D:1:      evilmike_arrival_fibonacci_small
D:2:      zin_scriptorium, old_standard_altar, uniq_robin
D:3:      first_ration, gammafunk_ghost_necromancy, bloody_makhleb, uniq_ijyb,
          uniq_terence
D:4:      lightli_temple_of_fire, lemuel_coloured_pillars_altar,
          minmay_misc_feat_enclosed, minmay_goblin_outpost, uniq_blork_the_orc,
          uniq_eustachio, uniq_pikel
D:5:      fiery_altar_vehumet
D:7:      chequers_temple_overflow_statue_of_worship, kennysheep_little_box,
          minmay_temple_entry_statues, grunt_ogre_cave, sigmund_army,
          uniq_harold
D:8:      kennysheep_mini_moat, kennysheep_mini, old_standard_altar,
          dpeg_lair_monsters, serial_shops, shop_fountains, basic_altar,
          minmay_liquid_box, guppyfry_shop_venom, uniq_psyche
D:9:      lemuel_crystal_altar, nemelex_xobeh_ov_fountains_minmay, uniq_maurice,
          uniq_erica
D:10:     orc_0_dummy, special_room
Temple:   compressed_dpeg_triangle_lava_temple
Lair:1:   lemuel_fruit_tree

Skill      XL: |  1  2  3  4  5  6  7  8  9 10 11 |
---------------+----------------------------------+-----
Spellcasting   | 5 6 7 10 | 10.0
Conjurations   | 1 2 3 5 8 |  8.7
Air Magic      | 2 |  2.1
Poison Magic   | 2 |  2.0
Summonings     | 2 |  2.0
Translocations | 2 |  2.0
Necromancy     | 3 6 |  6.8
Invocations    | 6 7 |  7.6
Dodging        | |  1.5
Stealth        | |  1.5

Action                   |  1- 3 |  4- 6 |  7- 9 | 10-12 || total
-------------------------+-------+-------+-------+-------++-------
Melee: Short sword       |    51 |   104 |    86 |   149 ||   390
       Unarmed           |     2 |       |       |       ||     2
 Cast: Magic Dart        |    94 |   164 |   300 |   126 ||   684
       Call Imp          |     3 |    24 |    42 |    55 ||   124
       Mephitic Cloud    |     1 |    18 |    57 |    60 ||   136
       Blink             |       |     1 |     4 |     1 ||     6
       Conjure Flame     |       |       |    21 |    19 ||    40
       Animate Skeleton  |       |       |     3 |     2 ||     5
       Pain              |       |       |       |    68 ||    68
       Animate Dead      |       |       |       |    18 ||    18
Invok: Animate Remains   |       |       |       |     1 ||     1
Evoke: Wand              |       |       |       |     5 ||     5
  Use: Scroll            |       |     4 |     5 |     3 ||    12
 Stab: Distracted        |       |     1 |       |     1 ||     2
       Sleeping          |       |     1 |       |     1 ||     2
       Confused          |       |     2 |     4 |     4 ||    10
Armor: Robe              |    26 |    31 |    25 |    61 ||   143
Dodge: Dodged            |    53 |   118 |   111 |   206 ||   488

Table legend:
 A = Spawn XP
 B = Non-spawn XP
 C = Spawn XP percentage of total XP
 D = Spawn monster count
 E = Non-spawn monster count
 F = Spawn count percentage of total count
 G = Total turns spent on level
                    A         B        C        D         E        F      G
               +---------+---------+-------+---------+---------+-------+---------
         Total |       0 |   13371 |   0.0 |       0 |     299 |   0.0 | 17766
               +---------+---------+-------+---------+---------+-------+---------
           D:1 |       0 |      37 |   0.0 |       0 |      19 |   0.0 |  1615
           D:2 |       0 |      88 |   0.0 |       0 |      36 |   0.0 |  1845
           D:3 |       0 |     259 |   0.0 |       0 |      44 |   0.0 |  2346
           D:4 |       0 |    1120 |   0.0 |       0 |      29 |   0.0 |  1559
           D:5 |       0 |    1256 |   0.0 |       0 |      32 |   0.0 |  2176
           D:6 |       0 |    1288 |   0.0 |       0 |      32 |   0.0 |  2239
           D:7 |       0 |    1982 |   0.0 |       0 |      35 |   0.0 |  2115
           D:8 |       0 |    2807 |   0.0 |       0 |      39 |   0.0 |  1748
           D:9 |       0 |    2158 |   0.0 |       0 |      19 |   0.0 |  1223
        Lair:1 |       0 |     982 |   0.0 |       0 |       5 |   0.0 |   497
        Lair:2 |       0 |    1394 |   0.0 |       0 |       9 |   0.0 |   205
               +---------+---------+-------+---------+---------+-------+---------
